 Dungeon Crawl Stone Soup version 0.22.0-75-g3901e79 (webtiles) character file.

100 Starchild the Chiller (level 4, 0/45 HPs)
             Began as a Merfolk Ice Elementalist on Sept 15, 2018.
             Slain by a worker ant (5 damage)
             ... on level 3 of the Dungeon.
             The game lasted 00:07:44 (2277 turns).

Starchild the Chiller (Merfolk Ice Elementalist)    Turns: 2277, Time: 00:07:45

Health: 0/45       AC:  8    Str: 13    XL:     4   Next: 74%
Magic:  5/7        EV: 13    Int: 15    God:
Gold:   130        SH:  0    Dex: 16    Spells: 1/7 levels left

rFire    . . .     SeeInvis .   l - +0 glaive
rCold    . . .     Gourm    .   (shield currently unavailable)
rNeg     . . .     Faith    .   a - +0 robe
rPois    +         Spirit   .   (no helmet)
rElec    .         Reflect  .   (no cloak)
rCorr    .         Harm     .   (no gloves)
MR       .....                  (no boots)
Stlth    ..........             (no amulet)
HPRegen  0.15/turn              (no ring)
MPRegen  0.10/turn              (no ring)

@: berserking, lethally poisoned (0 -> -4), icy armour, hasted, very quick
A: change form in water, swift swim, stealthy swim, slimy green scales 1, agile
1, deformed body, poison resistance
a: no special abilities


You were on level 3 of the Dungeon.
You were hungry.

You visited 1 branch of the dungeon, and saw 3 of its levels.

You collected 130 gold pieces.

Inventory:

Hand Weapons
 b - a +0 mace
 f - a +0 vampiric dagger
 l - a +0 glaive (weapon)
Missiles
 d - 121 stones (quivered)
Armour
 a - a +0 robe (worn)
 j - a +0 shield
Scrolls
 g - 2 scrolls of remove curse
 h - 2 scrolls of identify {unknown}
 i - a scroll of enchant weapon {unknown}
 o - a scroll of enchant armour {unknown}
 p - a scroll of teleportation {unknown}
Potions
 e - 3 potions of mutation
Comestibles
 c - 4 rations


   Skills:
 + Level 1.8 Polearms
 - Level 2.6 Dodging
 - Level 2.1 Stealth
 - Level 2.0 Spellcasting
 - Level 0.7 Conjurations
 + Level 5.6 Ice Magic


You had one spell level left.
You knew the following spells:

 Your Spells              Type           Power        Failure   Level  Hunger
a - Freeze                Ice            ###.         2%          1    #......
b - Throw Frost           Conj/Ice       ##....       9%          2    ###....
c - Ozocubu's Armour      Chrm/Ice       #.......     22%         3    ###....

Your spell library contained the following spells:

 Spells                   Type           Power        Failure   Level  Hunger
 Throw Icicle             Conj/Ice       ##......     52%         4    #####..
 Summon Ice Beast         Ice/Summ       #.......     56%         4    #####..


Dungeon Overview and Level Annotations

Branches:
Dungeon (3/15)

Altars:
Elyvilon
Kikubaaqudgha
Nemelex Xobeh
The Shining One


Innate Abilities, Weirdness & Mutations

You revert to your normal form in water.
You are very nimble and swift while swimming.
You are very stealthy in the water. (Stealth+)
You are partially covered in slimy green scales. (AC +2)
You are agile. (Dex +2)
Armour fits poorly on your strangely shaped body.
Your system is resistant to poisons. (rPois)


Message History

The worker ant bites you but does no damage.
The worker ant barely misses you.
It was a potion of mutation.
You feel extremely strange.
Your body twists and deforms.
Slimy green scales grow over part of your body.
You feel resistant to poisons.
You feel agile. The worker ant barely misses you.
It was a potion of haste.
You feel yourself speed up.
* * * LOW HITPOINT WARNING * * *
You feel sick.
The worker ant bites you but does no damage.
The worker ant misses you.
It was a potion of berserk rage.
A red film seems to cover your vision as you go berserk!
You feel yourself moving faster!
You feel mighty! The worker ant barely misses you.
You slash the worker ant!
The worker ant is severely wounded.
You feel sick. The worker ant bites you.
You die...

.# #.#
.##########.#
..........#.#
..........#.# ###
..........#.# ...
............# ###
#a@....#
.........##.#
.........##.#
.........##.#
.........##.#
######'####.# #.#
#.# #.# #.#
##############.##
#.#


You could see a worker ant.

Vanquished Creatures
  A crimson imp (D:3)
  An ooze (D:1)
  A worm (D:3)
  3 dart slugs
  2 leopard geckos
  6 orcs (D:3)
  2 giant cockroaches
  5 goblins
  7 hobgoblins
  A ball python (D:1)
  4 bats
  4 frilled lizards
  7 kobolds
  3 rats (D:1)
47 creatures vanquished.

Notes
Turn   | Place    | Note
-------+----------+-------------------------------------------
     0 | D:1      | Starchild the Merfolk Ice Elementalist began the quest for
                  | the Orb.
     0 | D:1      | Reached XP level 1. HP: 13/13 MP: 3/3
   322 | D:1      | Reached XP level 2. HP: 19/19 MP: 5/5
   346 | D:1      | Reached skill level 4 in Ice Magic
   484 | D:1      | Learned a level 2 spell: Throw Frost
  1012 | D:2      | Reached XP level 3. HP: 24/24 MP: 3/6
  1699 | D:2      | Learned a level 3 spell: Ozocubu's Armour
  1868 | D:3      | Reached skill level 5 in Ice Magic
  1879 | D:3      | Reached skill level 1 in Polearms
  1879 | D:3      | Reached XP level 4. HP: 16/30 MP: 1/7
  1972 | D:3      | Found a white marble altar of Elyvilon.
  1980 | D:3      | Found an ancient bone altar of Kikubaaqudgha.
  1985 | D:3      | Found a glowing golden altar of the Shining One.
  2200 | D:3      | Found a sparkling altar of Nemelex Xobeh.
  2274 | D:3      | Gained mutation: Armour fits poorly on your strangely
                  | shaped body. [potion of mutation]
  2274 | D:3      | Gained mutation: You are partially covered in slimy green
                  | scales. (AC +2) [potion of mutation]
  2274 | D:3      | Gained mutation: Your system is resistant to poisons.
                  | (rPois) [potion of mutation]
  2274 | D:3      | Gained mutation: You are agile. (Dex +2) [potion of
                  | mutation]
  2277 | D:3      | Slain by a worker ant

Skill      XL: |  1  2  3 |
---------------+----------+-----
Ice Magic      | 4 5 |  5.6
Polearms       | 1 |  1.8
Dodging        | |  2.6
Stealth        | |  2.1
Spellcasting   | |  2.0
Conjurations   | |  0.7

Action                   |  1- 3 |  4- 6 || total
-------------------------+-------+-------++-------
Melee: Mace              |    59 |       ||    59
       Glaive            |    33 |    33 ||    66
Throw: Stone             |     5 |     5 ||    10
 Cast: Freeze            |    15 |     1 ||    16
       Throw Frost       |     4 |     1 ||     5
       Ozocubu's Armour  |     1 |     2 ||     3
  Use: Scroll            |     1 |       ||     1
       Potion            |       |     3 ||     3
 Stab: Sleeping          |     5 |     3 ||     8
  Eat: Chunk             |     4 |     1 ||     5
Armor: Robe              |    17 |     7 ||    24
Dodge: Dodged            |    90 |    26 ||   116
